 Dungeon Crawl Stone Soup version 0.30-a0-715-gdb4ae3ece1 (webtiles) character file.

Game seed: 6656254315176122692

1870917 ragingrage the Scorcher (level 27, 220/220 HPs)
             Began as a Barachi Wanderer on Jan 24, 2023.
             Was the Champion of Vehumet.
             Escaped with the Orb
             ... and 4 runes on Jan 25, 2023!
             The game lasted 03:11:02 (100063 turns).

ragingrage the Scorcher (Barachi Wanderer)        Turns: 100063, Time: 03:11:03

Health: 220/220    AC: 27    Str: 13    XL:     27
Magic:  26/40      EV: 20    Int: 35    God:    Vehumet [******]
Gold:   5924       SH: 24    Dex: 25    Spells: 7/60 levels left

rFire   + . .      SeeInvis +    b - staff of conjuration
rCold   + . .      Faith    .    u - +2 tower shield
rNeg    + . .      Spirit   .    W - +4 ring mail of Canamip {Dex+2 Stlth+}
rPois   +          Reflect  .    y - +1 helmet {SInv}
rElec   +          Harm     .    s - +2 cloak {Will+}
rCorr   .          Rampage  .    d - +2 pair of gloves "Bomoff" {Contam Dex+4}
Will    ++++.      Rage     3%   O - +2 pair of boots
Stlth   ++                       N - amulet "Damimp" {rPois Regen+ Int+7}
HPRegen 1.36/turn                q - ring of Rirro {rPois rF+ rC+}
MPRegen 0.27/turn                Y - ring of Grace {rElec rN+ Int+2 Dex+6}

@: swift, unable to hop, hasted, studying 3 skills, very quick
A: amphibious, slowness 1, strong legs 2, +LOS, berserk 1, low MP 1,
strong-willed 1, mutation resistance 1, screaming 2
0: Orb of Zot
}: 4/15 runes: barnacled, slimy, silver, gossamer
a: Hop, Renounce Religion


You escaped.
You worshipped Vehumet.
Vehumet was exalted by your worship.
You visited 11 branches of the dungeon, and saw 53 of its levels.
You also visited: Sewer, Ice Cave and Wizlab.

You collected 8291 gold pieces.
You spent 2367 gold pieces at shops.

Inventory:

Hand Weapons
 i - the +5 spear "Esamn" {heavy, rElec Will+++ Dex-2 Stlth-}
   (You found it on level 3 of the Elven Halls)

   Dex:       It affects your dexterity (-2).
   rElec:     It insulates you from electricity.
   Will:      It greatly increases your willpower.
   Stlth:     It makes you less stealthy.
Missiles
 B - 5 throwing nets
 S - 15 curare-tipped darts
Armour
 d - the +2 pair of gloves "Bomoff" (worn) {Contam Dex+4}
   (You found it on level 5 of the Pits of Slime)

   Dex:       It affects your dexterity (+4).
   Contam:    It causes magical contamination when unequipped.
 s - a +2 cloak of willpower (worn)
 u - a +2 tower shield (worn)
 y - a +1 helmet of see invisible (worn)
 O - a +2 pair of boots (worn)
 W - the +4 ring mail of Canamip (worn) {Dex+2 Stlth+}
   (You found it on level 11 of the Dungeon)

   Dex:       It affects your dexterity (+2).
   Stlth:     It makes you more stealthy.
Magical Staves
 a - a staff of fire
 b - a staff of conjuration (weapon)
Jewellery
 m - a ring of resist corrosion
 q - the ring of Rirro (left hand) {rPois rF+ rC+}
   (You took it off an orc warrior on level 13 of the Dungeon)

   [ring of protection from cold]

   rF:        It protects you from fire.
   rC:        It protects you from cold.
   rPois:     It protects you from poison.
 N - the amulet "Damimp" (around neck) {rPois Regen+ Int+7}
   (You took it off a vault sentinel on level 5 of the Vaults)

   [amulet of regeneration]

   Int:       It affects your intelligence (+7).
   rPois:     It protects you from poison.
   Regen:     It increases your rate of health regeneration.
 Y - the ring of Grace (right hand) {rElec rN+ Int+2 Dex+6}
   (You found it on level 11 of the Dungeon)

   [ring of dexterity]

   Int:       It affects your intelligence (+2).
   Dex:       It affects your dexterity (+6).
   rElec:     It insulates you from electricity.
   rN:        It protects you from negative energy.
Wands
 t - a wand of iceblast (41)
 z - a wand of flame (38)
 F - a wand of quicksilver (27)
 P - a wand of paralysis (20)
 T - a wand of digging (28)
Scrolls
 c - 4 scrolls of torment
 e - a scroll of butterflies
 f - 12 scrolls of fear
 k - 15 scrolls of poison
 n - 25 scrolls of teleportation
 o - 10 scrolls of immolation
 C - 14 scrolls of fog
 D - 12 scrolls of blinking
 J - 7 scrolls of magic mapping
 M - 4 scrolls of enchant armour
 U - a scroll of amnesia
Potions
 g - 3 potions of haste
 h - 4 potions of berserk rage
 j - 21 potions of curing
 l - 7 potions of attraction
 p - 4 potions of brilliance
 r - 8 potions of flight
 v - 4 potions of resistance
 w - 14 potions of ambrosia
 A - 13 potions of heal wounds
 E - 10 potions of mutation
 H - 9 potions of might
 I - 4 potions of magic
 K - 11 potions of lignification
 V - 2 potions of invisibility
 X - 4 potions of cancellation
Miscellaneous
 x - a box of beasts (inert)
 L - a phantom mirror
 Q - a condenser vane
 R - a phial of floods
 Z - a lightning rod (4/4)


   Skills:
 + Level 18.8 Fighting
 - Level 6.0 Throwing
 + Level 19.3 Armour
 + Level 14.2 Dodging
 - Level 10.0 Stealth
 - Level 16.1 Shields
 - Level 17.4 Spellcasting
 + Level 17.5 Conjurations
 - Level 15.0 Summonings
 + Level 11.0 Necromancy
 - Level 5.0 Transmutations
 - Level 20.0 Fire Magic
 - Level 9.0 Air Magic
 + Level 14.8 Earth Magic
 - Level 10.0 Poison Magic
 + Level 14.2 Evocations


You had 7 spell levels left.
You knew the following spells:

 Your Spells              Type           Power      Damage    Failure   Level
a - Spellforged Servitor  Conj/Summ      60%        N/A       1%          7
b - Lightning Bolt        Conj/Air       55%        1d77      1%          5
c - Fireball              Conj/Fire      63%        3d24      1%          5
d - Borgnjor's Vile Clut  Necr/Erth      44%        N/A       1%          5
e - Poisonous Vapours     Pois/Air       100%       N/A       1%          2
f - Ignite Poison         Fire/Tmut/Pois 84%        N/A       1%          3
g - Swiftness             Air            76%        N/A       1%          3
i - Irradiate             Conj/Tmut      52%        3d29      1%          5
j - Airstrike             Air            38%        2d(6-22)  1%          4
k - Ignition              Fire           53%        3d15      3%          8
s - Iron Shot             Conj/Erth      60%        9d11      1%          6

Your spell library contained the following spells:

 Spells                   Type           Power      Damage    Failure   Level
 Shatter                  Erth           47%        3d36*     95%         9
 Foxfire                  Conj/Fire      100%       2x1d9     0%          1
 Kiss of Death            Conj/Necr      100%       2d13      0%          1
 Sandblast                Erth           100%       2d20      0%          1
 Stone Arrow              Conj/Erth      100%       3d13      0%          3
 Shock                    Conj/Air       100%       1d9       1%          1
 Cigotuvi's Dreadful Rot  Necr/Pois/Air  100%       N/A       1%          2
 Momentum Strike          Conj/Tloc      100%       3d10      1%          2
 Passwall                 Tmut/Erth      65%        N/A       1%          2
 Wereblood                Tmut           60%        N/A       1%          2
 Call Canine Familiar     Summ           94%        N/A       1%          3
 Dazzling Flash           Conj/Hex       100%       N/A       1%          3
 Inner Flame              Hex/Fire       79%        N/A       1%          3
 Kindle Blastsparks       Fire/Tloc/Air  100%       2d18      1%          3
 Vampiric Draining        Necr           82%        2d11      1%          3
 Animate Dead             Necr           82%        N/A       1%          4
 Dispel Undead            Necr           82%        3d27      1%          4
 Flame Wave               Conj/Fire      100%       2d21      1%          4
 Iskenderun's Mystic Bla  Conj/Tloc      95%        2d18      1%          4
 Olgreb's Toxic Radiance  Pois           79%        N/A       1%          4
 Sticky Flame             Conj/Fire      100%       2d11      1%          4
 Summon Lightning Spire   Summ/Air       85%        N/A       1%          4
 Arcjolt                  Conj/Air       55%        1d65      1%          5
 Freezing Cloud           Conj/Ice/Air   47%        6-21      1%          5
 Iskenderun's Battlesphe  Conj           100%       2d15      1%          5
 Conjure Ball Lightning   Conj/Air       55%        3x3d20    1%          6
 Starburst                Conj/Fire      63%        6d17      1%          6
 Orb of Destruction       Conj           62%        9d15      1%          7
 Vhi's Electric Charge    Tloc/Air       100%       N/A       2%          3
 Summon Ice Beast         Ice/Summ       70%        N/A       2%          4
 Frozen Ramparts          Ice            60%        1d10      4%          3
 Slow                     Hex            100%       N/A       6%          1
 Summon Forest            Summ/Tloc      35%        N/A       8%          5
 Ensorcelled Hibernation  Hex/Ice        60%        N/A       9%          2
 Death Channel            Necr           41%        N/A       10%         6
 Summon Hydra             Summ           47%        N/A       11%         7
 Confusing Touch          Hex            30%        N/A       17%         3
 Gell's Gravitas          Tloc           30%        N/A       17%         3
 Portal Projectile        Hex/Tloc       60%        N/A       17%         3
 Teleport Other           Tloc           30%        N/A       17%         3
 Tukima's Dance           Hex            30%        N/A       17%         3
 Ice Form                 Ice/Tmut       48%        N/A       21%         4
 Blade Hands              Tmut           30%        N/A       21%         5
 Haunt                    Necr/Summ      44%        N/A       24%         7
 Silence                  Hex/Air        29%        N/A       26%         5
 Cause Fear               Hex            15%        N/A       50%         4
 Passage of Golubria      Tloc           30%        N/A       50%         4
 Simulacrum               Ice/Necr       31%        N/A       67%         6
 Storm Form               Tmut/Air       34%        N/A       95%         7
 Dragon Form              Tmut           30%        N/A       99%         7
 Dispersal                Tloc           15%        N/A       100%        6
 Ozocubu's Refrigeration  Ice            15%        4d10      100%        7
 Lehudib's Crystal Spear  Conj/Erth      60%        10d14     13%         8
 Maxwell's Capacitive Co  Air            38%        ∞         90%         8
 Infestation              Necr           41%        N/A       99%         8
 Chain Lightning          Conj/Air       55%        3d74      99%         9
 Discord                  Hex            15%        N/A       100%        8
 Disjunction              Tloc           15%        N/A       100%        8
 Dragon's Call            Summ           47%        N/A       100%        9
 Polar Vortex             Ice            15%        N/A       100%        9


Dungeon Overview and Level Annotations

Branches:
Dungeon (15/15)            Temple (1/1) D:5            Lair (5/5) D:11
 Shoals (4/4) Lair:2       Spider (4/4) Lair:2        Slime (5/5) Lair:5
    Orc (2/2) D:9             Elf (3/3) Orc:2        Vaults (5/5) D:13
  Crypt (0/3) Vaults:3     Depths (4/4) D:15            Zot (5/5) Depths:4
  Sewer (visited)           IceCv (visited)          WizLab (visited)

Altars:
Ashenzari
Cheibriados
Dithmenos
Elyvilon
Fedhas
Gozag
Hepliaklqana
Kikubaaqudgha
Makhleb
Nemelex Xobeh
Okawaru
Qazlal
Ru
Sif Muna
Trog
Uskayaw
Vehumet
Wu Jian
Xom
Yredelemnul
Zin
The Shining One

Shops:
D:3 *   D:8 (   D:15 [   Orc:2 [*((   Elf:1 !   Elf:2 (   Elf:3 *
Shoals:4 ?(*   Vaults:3 =   Vaults:4 !   Vaults:5 (   Depths:1 !([:

Portals:
Hell: Depths:1 Depths:4
Abyss: Depths:3
Pandemonium: Depths:2
Ziggurat: Depths:3
Bazaar: Shoals:4
Trove: D:11 (give +7 demon blade)

Annotations:
D:2 1 runed translucent door, Crazy Yiuf
D:4 exclusion: downstairs
D:7 exclusion: downstairs
D:8 Gastronok
D:10 exclusions: downstairs and 2 more exclusions
D:12 Azrael
D:15 Roxanne
Lair:2 exclusion: downstairs
Shoals:3 Bai Suzhen
Slime:4 exclusion: downstairs
Orc:1 3 runed translucent doors, Koowego's ghost, journeyman SpAr
Elf:2 3 runed translucent doors
Vaults:3 exclusion: downstairs
Vaults:5 !V5
Zot:2 exclusion: downstairs
Zot:4 2 transporters, Voulohy's ghost, veteran TrCK


Innate Abilities, Weirdness & Mutations

You are amphibious.
You cover ground slowly.
You can hop long distances.
You have an extended range of vision and can be seen from far away.
You sometimes lose your temper in combat.
Your magical capacity is low. (-10% MP)
You are strong-willed. (Will+)
You are somewhat resistant to further mutation.
You frequently scream uncontrollably at your foes.


Message History

You kill the hell hound!
Vehumet accepts your kill.
You feel your power returning. The hell hound breathes flames at you.
The blast of flame hits you. You resist. You block the hell hound's attack.
The zombie hands constrict the hell hound!!
You kill the hell hound!
Vehumet accepts your kill.
You feel your power returning.
There is a stone staircase leading up here.
You climb upwards.
Level annotation: 1 runed translucent door, Crazy Yiuf
There is a stone staircase leading down here.
(D) Dungeon (T) Temple (L) Lair (A) Shoals (N) Spider Nest (M) Slime Pits (O) Orcish Mines (E) Elven Halls (V) Vaults (C) Crypt (U) Depths (H) Hell (Z) Zot
Where to? (Enter - D:1 @ (x,y), ? - help)
What level of the Dungeon? (default 1, ? - help) HP restored.
There is a stone staircase leading up here.
You climb upwards.
There is a stone staircase leading down here. 3 cherubim come into view.
A cherub is wielding a +4 flail of flaming.
A cherub is wielding a +4 falchion of flaming.
A cherub is wielding a +1 scimitar of flaming and wearing a +1 robe of resistance.
The cherub's lion head roars!
Hop to where?
Press: ? - help, Dir - move target Boing!
You feel yourself speed up.
You enter the shallow water.
There is a staircase leading out of the dungeon here.
Casting: Borgnjor's Vile Clutch (mildly dangerous; 1% risk of failure)
Confirm with . or Enter, or press ? or * to list all spells.
You feel a surge of power!
You summon a servant imbued with your destructive magic!
Casting: Spellforged Servitor (mildly dangerous; 1% risk of failure)
Confirm with . or Enter, or press ? or * to list all spells.
You feel quick.
You have escaped!

#.# #>......#.# #.# #.#
#.......#.# #.# ##.##
#.......#.# #.# # ###...##
#.........# #.#
###......###.......### ##.##
##........#####.#### #...####
.......##.### #.# #.......
##.###......# ##### #...####
##.....##.#####.@.#### #.####.#
##.###.##.##~P##9##P~# #...#.#.
#.###.##.##~~♣#.#♣~~######..#.#.
#........#♣~~~~~~~~~....##.#.###
######.#####~~~#'#~~~###.#.####
# ..## #.# #~♣##.##♣~# #..###.##
##.# #.########...######.##
##.## #(# #.#....# ##### #.##
##.. ##.###.#.#### #.# ##.##
##.##


You could see a friendly spellforged servitor (summoned).

Vanquished Creatures
  Dissolution (Slime:5)
  the Royal Jelly (Slime:5)
  2 dread liches
  5 orbs of fire
  A Killer Klown (Zot:5)
  Vv (Depths:3)
  2 curse toes
  Xtahua (Vaults:2)
  Saint Roka (Elf:3)
  10 golden dragons
  A bone dragon (Depths:4)
  Arachne (Spider:4)
  A doom hound (Depths:3)
  2 electric golems (Zot:5)
  12 tentacled monstrosities
  Rupert (Lair:3)
  14 Orb Guardians
  Mlioglotl (Shoals:4)
  4 liches
  A walking divine tome (Depths:3)
  19 acid blobs
  3 deep elf master archers (Elf:3)
  3 titans (Vaults:5)
  2 quicksilver dragons
  5 deep elf blademasters
  7 sphinxes
  3 ancient champions (WizLab)
  5 death cobs
  Kirke (Lair:4)
  8 storm dragons
  2 tengu reavers
  A revenant (WizLab)
  3 shadow dragons
  A daeva (Depths:3)
  13 azure jellies
  8 rockslimes
  2 draconian knights
  4 draconian monks
  21 vault wardens
  7 frost giants
  6 fire giants
  3 draconian shifters
  Aizul (Elf:1)
  2 iron dragons (Vaults:5)
  10 deep elf sorcerers
  3 draconian scorchers
  4 emperor scorpions
  A caustic shrike zombie (Depths:2)
  6 ghost moths
  5 draconian stormcallers
  A war gargoyle (Vaults:5)
  A deep elf elementalist (Elf:3)
  13 quicksilver oozes
  A draconian annihilator (Zot:1)
  3 orc warlords
  2 spriggan defenders (Depths:1)
  7 stone giants
  12 very ugly things
  7 ironbound thunderhulks
  3 vampire knights
  21 ironbound preservers
  4 black draconians
  Nessos (D:15)
  6 deep elf demonologists
  A spark wasp (shapeshifter) (Depths:1)
  8 deep elf annihilators
  6 green draconians
  A spectral titan (WizLab)
  A minotaur (Depths:1)
  6 yellow draconians
  5 halazid warlocks (WizLab)
  23 dire elephants
  7 purple draconians
  An eidolon (WizLab)
  Snorg (D:12)
  5 spark wasps
  6 red draconians
  6 deep elf death magi
  4 jiangshi
  9 merfolk impalers
  4 merfolk javelineers
  3 fire dragons
  A blizzard demon (Depths:4)
  3 ettins
  2 entropy weavers
  2 quicksilver dragon zombies (WizLab)
  Josephine (Lair:3)
  2 crystal guardians (Vaults:4)
  Fannar (D:12)
  12 great orbs of eyes
  A great orb of eyes (shapeshifter) (Vaults:5)
  15 yaktaur captains
  5 deep elf high priests
  A peacekeeper (Vaults:3)
  32 vault guards
  3 hydras
  6 ice dragons
  5 catoblepae
  12 ironbound frosthearts
  4 merfolk aquamancers (Shoals:4)
  3 spriggan air magi
  2 rakshasas (Depths:1)
  2 ogre magi (Vaults:5)
  2 jorogumos (Spider:4)
  3 centaur warriors
  A merfolk avatar (Shoals:4)
  4 radroaches
  3 boulder beetles
  2 satyrs
  3 deep troll shamans
  A death knight (D:15)
  14 tengu warriors
  3 deep troll earth magi
  3 two-headed ogres
  12 dancing weapons
  4 vampire magi
  17 death yaks
  2 spriggan berserkers
  6 orc high priests (Orc:2)
  A sun demon (Zot:2)
  14 deep elf knights
  3 titan zombies
  Sonja (D:12)
  3 hell knights
  A storm dragon zombie (Depths:2)
  Amaemon (Lair:1)
  A titan skeleton (Vaults:3)
  An iron troll (Depths:1)
  A sun moth (Spider:4)
  6 pharaoh ants
  5 shadow wraiths
  7 glowing orange brains
  10 orb spiders
  12 sea snakes
  10 skeletal warriors
  4 flayed ghosts
  55 deep trolls
  Pikel (D:8)
  19 ironbound convokers
  5 wizards
  2 spectral wolf spiders (WizLab)
  24 deep elf pyromancers
  18 lindwurms
  11 deep elf archers
  9 necromancers
  7 phantasmal warriors
  6 orc knights
  4 steelbarb worms
  26 deep elf zephyrmancers
  A tengu skeleton (Vaults:3)
  2 fauns (shapeshifter)
  8 orc sorcerers
  39 ugly things
  23 wolf spiders
  8 oklob plants
  9 fauns
  2 spectral spriggans (WizLab)
  13 manticores
  A stone giant skeleton (Vaults:3)
  6 cyclopes
  22 harpies
  10 shining eyes
  A shadow dragon skeleton (Vaults:3)
  A moth of wrath (shapeshifter) (Elf:2)
  10 merfolk sirens
  12 moths of wrath
  An ice statue (IceCv)
  A water nymph (shapeshifter) (Vaults:5)
  6 elephants (Lair:5)
  A frost giant skeleton (Depths:2)
  6 eyes of devastation
  3 black mambas
  5 torpor snails
  16 vault sentinels
  10 demonic crawlers
  4 water nymphs
  A gargoyle (D:11)
  An orange demon (Lair:1)
  An unseen horror (D:11)
  10 rime drakes
  9 cane toads
  An efreet (D:11)
  3 freezing wraiths (Vaults:5)
  5 komodo dragons
  An elf skeleton (Vaults:3)
  A komodo dragon (shapeshifter) (D:11)
  4 tengu conjurers
  45 yaktaurs
  3 kobold demonologists
  A golden dragon simulacrum (Depths:2)
  11 polar bears
  10 trolls
  3 harpy zombies
  41 merfolk
  A hornet (D:11)
  2 queen bees
  5 meliai
  18 tarantellas
  9 blink frogs (Lair:3)
  A blink frog (shapeshifter) (D:13)
  13 wind drakes
  7 snapping turtles
  An ettin skeleton (Vaults:3)
  12 dream sheep
  93 slime creatures
  24 jumping spiders
  9 flying skulls (WizLab)
  A vampire (D:11)
  3 air elementals
  2 shadows
  20 culicivoras
  2 wyverns
  13 water elementals
  9 wraiths
  74 yaks
  5 hogs
  A human (D:7)
  10 golden eyes
  A steam dragon (D:10)
  5 fire elementals
  6 basilisks
  38 redbacks
  14 vampire mosquitoes
  2 wargs
  4 acid dragons
  4 hell hounds
  6 water moccasins
  5 large abominations (Elf:1)
  22 orc warriors
  2 manticore zombies (Shoals:1)
  2 sky beasts
  3 glowing shapeshifter skeletons (Vaults:3)
  7 boggarts
  2 black bears
  14 wolves
  6 ogres
  10 centaurs
  5 phantoms
  3 lemures (D:8)
  6 kobold brigands
  2 earth elementals
  12 bullfrogs
  2 elf zombies (Elf:1)
  4 scorpions
  2 gnoll sergeants
  12 wights
  2 human skeletons (Vaults:3)
  A troll zombie (D:9)
  40 killer bees
  2 howler monkeys
  10 electric eels
  2 quasits (D:5)
  A gnoll bouda (D:9)
  3 hounds
  3 jellies
  38 orc priests
  27 orc wizards
  2 iguanas
  Natasha (thrice) (D:2)
  11 hell rats
  7 ogre zombies (D:9)
  10 gnolls
  4 river rats (Sewer)
  3 adders
  An adder (shapeshifter) (Vaults:5)
  3 shadow imps
  7 white imps
  11 ufetubi
  6 worms
  A dart slug (D:5)
  62 orcs
  4 ball pythons
  9 bats
  4 endoplasms
  2 giant cockroaches
  3 goblins
  5 hobgoblins
  4 jackals (D:3)
  20 kobolds
  2 quokkas
  3 frilled lizards
  A goblin skeleton (D:9)
  2 goblin zombies (D:9)
  2 hobgoblin skeletons (D:9)
  3 hobgoblin zombies (D:9)
  An orc skeleton (D:9)
  16 orc zombies (D:9)
  10 rats
2123 creatures vanquished.

Vanquished Creatures (collateral kills)
  2 dread liches (Zot:5)
  2 orbs of fire (Zot:5)
  A Killer Klown (Zot:5)
  A curse toe (Zot:4)
  6 golden dragons
  2 doom hounds
  8 tentacled monstrosities
  A walking earthen tome (Depths:3)
  12 Orb Guardians (Zot:5)
  A lich (Depths:3)
  Grunn (Depths:3)
  A titan (Vaults:5)
  2 quicksilver dragons
  2 death cobs
  An Executioner (D:4)
  3 shadow dragons
  5 storm dragons
  2 draconian monks
  4 tengu reavers
  2 frost giants (Vaults:5)
  2 rockslimes (Slime:5)
  A draconian knight (Zot:3)
  A draconian scorcher (Zot:4)
  A vault warden (Vaults:5)
  3 draconian shifters
  A war gargoyle (Vaults:5)
  A quicksilver ooze (Slime:5)
  A stone giant (Vaults:5)
  7 very ugly things
  4 black draconians
  A draconian annihilator (Zot:4)
  A yellow draconian (Zot:1)
  A dire elephant (Vaults:4)
  A green draconian (Zot:2)
  A spark wasp (Depths:2)
  5 purple draconians
  A deep elf annihilator (Vaults:5)
  6 white draconians
  9 red draconians
  A deep elf death mage (Elf:3)
  2 fire dragons
  A rakshasa (Depths:1)
  2 ice dragons
  A hell beast (Depths:4)
  A hell hog (Depths:4)
  An iron troll (Depths:4)
  A sun moth (Spider:4)
  A deep troll (Depths:3)
  An ironbound convoker (Vaults:5)
  3 ugly things
  14 moths of wrath
  3 slime creatures (Vaults:2)
  A yaktaur (Vaults:5)
  2 water elementals (Depths:3)
  A ynoxinul (Zot:4)
  A redback (Vaults:2)
  3 hell hounds (D:3)
  4 foxfires
151 creatures vanquished.

Vanquished Creatures (others)
  An ironbound preserver (Vaults:5)
  5 dream sheep (D:9)
  5 humans (Lair:5)
  An orc (Orc:2)
  A kobold (D:9)
  10 demonic plants (D:5)
  1727 foxfires
  41 fungi
  143 plants
  A withered plant (D:2)
1935 creatures vanquished.

Grand Total: 4209 creatures vanquished

Notes
Turn   | Place    | Note
-------+----------+-------------------------------------------
     0 | D:1      | ragingrage the Barachi Wanderer began the quest for the
                  | Orb.
     0 | D:1      | ragingrage set off with the following items: a +0 club, a
                  | potion of berserk rage, a +0 robe, a +0 pair of gloves; and
                  | the following spells available to memorise: Sandblast,
                  | Foxfire, Stone Arrow, Kindle Blastsparks, Flame Wave.
     0 | D:1      | Reached XP level 1. HP: 15/15 MP: 3/3
     2 | D:1      | Learned a level 1 spell: Sandblast
     4 | D:1      | Learned a level 1 spell: Foxfire
   570 | D:1      | Reached XP level 2. HP: 21/21 MP: 3/5
   829 | D:1      | Reached skill level 1 in Conjurations
  1453 | D:2      | Noticed Natasha
  1461 | D:2      | Killed Natasha
  1462 | D:2      | Reached skill level 3 in Fire Magic
  1462 | D:2      | Reached XP level 3. HP: 25/26 MP: 3/6
  1544 | D:2      | Found a faded altar of an unknown god.
  1634 | D:2      | Noticed Natasha
  1648 | D:2      | Killed Natasha
  1649 | D:2      | Reached XP level 4. HP: 7/32 MP: 5/7
  1782 | D:2      | Noticed Natasha
  1792 | D:2      | Killed Natasha
  2158 | D:2      | Found a runed translucent door.
  2159 | D:2      | Noticed Crazy Yiuf
  2470 | D:3      | Reached skill level 4 in Fire Magic
  2474 | D:3      | Reached XP level 5. HP: 37/37 MP: 0/8
  2606 | D:3      | Reached skill level 1 in Stealth
  2848 | D:3      | Found Xyghep's Assorted Antiques.
  3185 | D:3      | Bought a brass ring for 80 gold pieces
  3702 | D:4      | Reached XP level 6. HP: 44/44 MP: 5/9
  3731 | D:4      | Learned a level 3 spell: Stone Arrow
  3736 | D:4      | Learned a level 4 spell: Flame Wave
  3792 | D:4      | Found a glowing drain.
  3858 | Sewer    | Entered a sewer
  4465 | D:4      | Reached XP level 7. HP: 47/52 MP: 4/11
  4766 | D:4      | Found a sacrificial altar of Ru.
  5513 | D:5      | Entered Level 5 of the Dungeon
  6650 | D:5      | Found a staircase to the Ecumenical Temple.
  6660 | Temple   | Entered the Ecumenical Temple
  6660 | Temple   | Noticed Bunugo the pandemonium lord
  6660 | Temple   | Noticed Tilugek the pandemonium lord
  6660 | Temple   | Noticed a rust devil
  6660 | Temple   | Noticed an orange demon
  6660 | Temple   | Noticed Refoll the pandemonium lord
  6660 | Temple   | Noticed a neqoxec
  6660 | Temple   | Noticed Koufaetalo the pandemonium lord
  6661 | Temple   | Noticed a balrug
  6688 | Temple   | Noticed Qigelakk the pandemonium lord
  6689 | Temple   | Noticed a sixfirhy
  6712 | Temple   | Noticed a sun demon
  6733 | Temple   | Noticed Qouz Sae the pandemonium lord
  6784 | Temple   | Became a worshipper of Vehumet
  7198 | D:5      | Identified the +5 short sword "Kofa" {pain, *Rage rElec
                  | rC+}
  7240 | D:6      | Reached XP level 8. HP: 61/61 MP: 7/14
  7390 | D:6      | Reached skill level 5 in Fighting
  7468 | D:6      | Reached skill level 5 in Conjurations
  7810 | D:6      | Found a basalt altar of Yredelemnul.
  7810 | D:6      | Found a glowing silver altar of Zin.
  7879 | D:6      | Found a shadowy altar of Dithmenos.
  8653 | D:7      | Reached skill level 5 in Fire Magic
  8653 | D:7      | Reached XP level 9. HP: 69/69 MP: 8/15
  9242 | D:7      | Reached skill level 5 in Dodging
  9553 | D:7      | Reached skill level 6 in Fire Magic
 10140 | D:8      | Reached * piety under Vehumet
 10140 | D:8      | Offered knowledge of Shock by Vehumet.
 10437 | D:8      | Noticed Gastronok
 10442 | D:8      | Reached skill level 1 in Armour
 10669 | D:8      | Noticed a kobold demonologist
 10675 | D:8      | Killed a kobold demonologist
 10676 | D:8      | Reached XP level 10. HP: 79/79 MP: 7/16
 10799 | D:8      | Found Ciseg's Antique Weapon Boutique.
 12231 | D:9      | Found a shimmering altar of Xom.
 12289 | D:9      | Offered knowledge of Searing Ray by Vehumet.
 12403 | D:9      | Reached skill level 5 in Earth Magic
 12710 | D:8      | Identified 3 scrolls of acquirement
 12710 | D:8      | Acquired the +7 hand crossbow "Evaamidgh" {freeze, rN+}
 12722 | D:8      | Reached ** piety under Vehumet
 12723 | D:8      | Reached skill level 5 in Spellcasting
 12976 | D:9      | Acquired a book of Fire
 13032 | D:9      | Reached skill level 7 in Fire Magic
 13700 | D:9      | Found a staircase to the Orcish Mines.
 13874 | D:9      | Found an ornate altar of the Wu Jian Council.
 14270 | D:9      | Found an opulent altar of Gozag.
 14479 | D:10     | Entered Level 10 of the Dungeon
 14518 | D:10     | Reached skill level 5 in Armour
 14518 | D:10     | Reached XP level 11. HP: 82/89 MP: 10/18
 14519 | D:10     | Offered knowledge of Poisonous Vapours by Vehumet.
 14538 | D:9      | Learned a level 2 spell: Poisonous Vapours
 14851 | D:10     | Noticed a two-headed ogre
 14857 | D:10     | Reached *** piety under Vehumet
 14858 | D:10     | Reached skill level 1 in Evocations
 15087 | D:10     | Killed a two-headed ogre
 15088 | D:10     | Reached skill level 10 in Fighting
 15750 | D:8      | Noticed Pikel
 15759 | D:8      | Killed Pikel
 15759 | D:8      | Offered knowledge of Ignite Poison by Vehumet.
 15808 | D:8      | Learned a level 3 spell: Ignite Poison
 16484 | D:10     | Noticed a two-headed ogre
 16517 | D:10     | Noticed a death knight
 16521 | D:10     | Noticed a seven-headed hydra
 16550 | D:10     | Reached skill level 1 in Air Magic
 16789 | D:11     | Reached skill level 1 in Poison Magic
 16789 | D:11     | Noticed a white ugly thing
 16790 | D:11     | Reached skill level 10 in Conjurations
 17052 | D:11     | Reached skill level 5 in Evocations
 17170 | D:11     | Identified the +4 ring mail of Canamip {Dex+2 Stlth+}
 17355 | D:11     | Reached **** piety under Vehumet
 17527 | D:11     | Noticed a cyclops
 17530 | D:11     | Killed a cyclops
 17531 | D:11     | Reached XP level 12. HP: 97/97 MP: 14/19
 17614 | D:11     | Reached skill level 5 in Air Magic
 17786 | D:11     | Offered knowledge of Sticky Flame by Vehumet.
 18153 | D:11     | Reached skill level 5 in Poison Magic
 18188 | D:11     | Noticed a two-headed ogre
 18193 | D:11     | Killed a two-headed ogre
 18366 | D:11     | Reached skill level 8 in Fire Magic
 18550 | D:11     | Found a staircase to the Lair.
 18702 | D:11     | Found a portal to a secret trove of treasure.
 18766 | D:11     | Noticed a tengu warrior
 18780 | D:11     | Killed a tengu warrior
 19642 | D:12     | Learned a level 3 spell: Swiftness
 19672 | D:12     | Noticed Azrael
 19688 | D:11     | Reached skill level 9 in Fire Magic
 19886 | Lair:1   | Entered Level 1 of the Lair of Beasts
 20015 | Lair:1   | Noticed Amaemon
 20023 | Lair:1   | Killed Amaemon
 20205 | Lair:1   | Found a frozen archway.
 20219 | IceCv    | Entered an ice cave
 20227 | IceCv    | Reached ***** piety under Vehumet
 20247 | IceCv    | Offered knowledge of Spellforged Servitor by Vehumet.
 20382 | IceCv    | Noticed a death yak
 20386 | IceCv    | Gained mutation: You can hop long distances. [Barachi
                  | growth]
 20386 | IceCv    | Reached XP level 13. HP: 83/104 MP: 9/22
 21015 | IceCv    | Noticed a frost giant
 21028 | IceCv    | Killed a frost giant
 21029 | IceCv    | Reached skill level 5 in Stealth
 21811 | IceCv    | Learned a level 5 spell: Fireball
 22529 | Lair:1   | Reached skill level 10 in Fire Magic
 22844 | Lair:3   | Noticed Rupert
 22952 | Lair:2   | Found a staircase to the Shoals.
 23457 | Lair:2   | Found a hole to the Spider Nest.
 23552 | Lair:2   | You fall into a shaft and drop 1 floor!
 24394 | Lair:3   | Reached XP level 14. HP: 113/113 MP: 17/24
 24595 | Lair:3   | Paralysed by Rupert for 3 turns
 24602 | Lair:3   | Killed Rupert
 24692 | Lair:3   | Noticed Josephine
 24697 | Lair:3   | Killed Josephine
 26329 | Lair:4   | Offered knowledge of Irradiate by Vehumet.
 26336 | Lair:4   | Learned a level 5 spell: Irradiate
 26998 | Lair:5   | Entered Level 5 of the Lair of Beasts
 27258 | Lair:5   | Reached skill level 1 in Transmutations
 27393 | Lair:5   | Identified the +5 rapier of Conscience {flame, rElec rPois
                  | SInv}
 27467 | Lair:5   | Noticed Kirke
 27754 | Lair:4   | Killed Kirke
 28114 | Lair:5   | Found a staircase to the Slime Pits.
 29593 | Lair:5   | Reached XP level 15. HP: 120/120 MP: 20/27
 29616 | Lair:5   | Reached skill level 10 in Dodging
 30183 | Orc:1    | Entered Level 1 of the Orcish Mines
 30226 | Orc:1    | Reached skill level 11 in Fire Magic
 30469 | Orc:2    | Entered Level 2 of the Orcish Mines
 30476 | Orc:2    | Offered knowledge of Ozocubu's Refrigeration by Vehumet.
 30571 | Orc:2    | Found a staircase to the Elven Halls.
 31057 | Orc:2    | Noticed an orc warlord
 31260 | Orc:1    | Found a runed translucent gate.
 31261 | Orc:1    | Found a runed translucent gate.
 31262 | Orc:1    | Found a runed translucent gate.
 31278 | Orc:1    | Noticed Koowego's ghost (journeyman SpAr)
 32059 | Orc:2    | Killed an orc warlord
 32166 | Orc:2    | Paralysed by an orc sorcerer for 5 turns
 32574 | Orc:2    | Identified the +5 chain mail of the Turtledove {*Corrode
                  | rF+++ SInv}
 32892 | Orc:2    | Reached skill level 5 in Transmutations
 34123 | Orc:2    | Found Ruefopihis's Weapon Shoppe.
 34124 | Orc:2    | Found Xeyholea's Antique Armour Emporium.
 34124 | Orc:2    | Found Buciocud's General Store.
 34129 | Orc:2    | Found Tezis's Antique Weapon Shoppe.
 34157 | Orc:2    | Bought a scroll of teleportation for 42 gold pieces
 34157 | Orc:2    | Bought a potion of curing for 42 gold pieces
 34183 | Orc:2    | Noticed an orc warlord
 34193 | Orc:2    | Killed an orc warlord
 34644 | D:11     | Identified the ring of Grace {rElec rN+ Int+2 Dex+6}
 34781 | Orc:2    | Bought a twisted plate armour for 868 gold pieces
 34781 | Orc:2    | Identified the +0 plate armour of the Seven Servitors
                  | {Contam rC+++ Str-5 SInv} (You bought it in a shop on level
                  | 2 of the Orcish Mines)
 34874 | D:12     | Reached skill level 1 in Shields
 35010 | D:12     | Noticed Snorg
 35015 | D:12     | Killed Snorg
 35015 | D:12     | Offered knowledge of Lightning Bolt by Vehumet.
 35237 | D:12     | Noticed Sonja
 35237 | D:12     | Noticed Fannar
 35242 | D:12     | Killed Fannar
 35245 | D:12     | Killed Sonja
 35375 | D:12     | Learned a level 5 spell: Lightning Bolt
 36016 | D:13     | Reached skill level 12 in Fire Magic
 36024 | D:13     | Identified the ring of Rirro {rPois rF+ rC+}
 36694 | D:13     | Reached XP level 16. HP: 127/127 MP: 25/29
 36937 | D:13     | Found a gate to the Vaults.
 37302 | D:14     | Reached skill level 10 in Spellcasting
 37822 | D:14     | Reached skill level 10 in Poison Magic
 38497 | D:15     | Entered Level 15 of the Dungeon
 38513 | D:15     | Found Inly Wau's Antique Armour Boutique.
 38626 | D:15     | Bought a pair of embroidered gloves for 262 gold pieces
 38643 | D:15     | Bought a crude scale mail for 315 gold pieces
 38643 | D:15     | Identified the +1 scale mail of Gozag's Wrath {rF+ Slay+2}
                  | (You bought it in a shop on level 15 of the Dungeon)
 38783 | D:15     | Identified the +3 scale mail of Xeexuu {Harm rC- rN+++
                  | rCorr}
 38787 | D:15     | Identified Roxanne's Codex of Clay
 38787 | D:15     | Noticed Roxanne
 39102 | D:15     | Noticed Nessos
 39116 | D:15     | Killed Nessos
 39117 | D:15     | Reached skill level 5 in Shields
 39685 | D:15     | Found a stormy altar of Qazlal.
 39806 | D:15     | Found a staircase to the Depths.
 40139 | Shoals:1 | Entered Level 1 of the Shoals
 40588 | Shoals:1 | Offered knowledge of Iron Shot by Vehumet.
 40916 | Shoals:1 | Identified the ring "Arphaz" {Fly Str+2 Dex+5 Stlth-}
 42034 | Shoals:2 | Identified the +7 chain mail of Nuoplyu {Regen+ SInv}
 42046 | Shoals:2 | Learned a level 6 spell: Iron Shot
 42901 | Shoals:2 | Reached XP level 17. HP: 132/133 MP: 27/32
 43281 | Shoals:3 | Offered knowledge of Orb of Destruction by Vehumet.
 43388 | Shoals:3 | Noticed Bai Suzhen
 44301 | Shoals:4 | Entered Level 4 of the Shoals
 44301 | Shoals:4 | Found the +5 demon whip "Spellbinder" {antimagic, disrupt,
                  | Will+}
 44305 | Shoals:4 | Noticed Mlioglotl
 44313 | Shoals:4 | Killed Mlioglotl
 44491 | Shoals:4 | Found Iwugefreg's Weapon Shop.
 44491 | Shoals:4 | Found Qevac's Assorted Antiques.
 44912 | Shoals:4 | Found Jyxzeha's Magic Scroll Shoppe.
 44927 | Shoals:4 | Bought a scroll of teleportation for 54 gold pieces
 44927 | Shoals:4 | Bought a scroll of fog for 72 gold pieces
 45242 | Shoals:4 | Found a gateway to a bazaar.
 45294 | Shoals:4 | Reached skill level 10 in Shields
 46004 | Shoals:4 | Got a barnacled rune of Zot
 46599 | Elf:1    | Entered Level 1 of the Elven Halls
 46604 | Elf:1    | Offered knowledge of Conjure Ball Lightning by Vehumet.
 47099 | Elf:1    | Got the Handbook of Corpses
 47193 | Elf:1    | Found Fugaorru's Distillery.
 47209 | Elf:1    | Bought a potion of brilliance for 64 gold pieces
 47209 | Elf:1    | Bought a potion of magic for 128 gold pieces
 47393 | Elf:1    | Identified the +6 battleaxe of Inflation {flame, Int+2
                  | Dex+6}
 47600 | Elf:1    | Reached XP level 18. HP: 140/140 MP: 23/35
 47667 | Elf:1    | Noticed Aizul
 47677 | Elf:1    | Killed Aizul
 48635 | Elf:2    | Found Loedap's Antique Weapon Emporium.
 48641 | Elf:2    | Reached ****** piety under Vehumet
 48751 | Elf:2    | Paralysed by an air elemental for 1 turns
 49357 | Elf:2    | Learned a level 4 spell: Airstrike
 49558 | Elf:2    | Found a runed translucent gate.
 49559 | Elf:2    | Found a runed translucent gate.
 49559 | Elf:2    | Found a runed translucent gate.
 49722 | Elf:3    | Entered Level 3 of the Elven Halls
 49854 | Elf:3    | Identified the +5 spear "Esamn" {heavy, rElec Will+++ Dex-2
                  | Stlth-}
 50188 | Elf:3    | Paralysed by an air elemental for 1 turns
 50193 | Elf:3    | Paralysed by an air elemental for 1 turns
 50359 | Elf:3    | Offered knowledge of Lehudib's Crystal Spear by Vehumet.
 50359 | Elf:3    | Offered knowledge of Shatter by Vehumet.
 50359 | Elf:3    | Offered knowledge of Ignition by Vehumet.
 50387 | Elf:3    | Found Wyroq's Assorted Antiques.
 50834 | Elf:3    | Noticed Saint Roka
 50843 | Elf:3    | Killed Saint Roka
 51641 | Elf:3    | Noticed a deep elf master archer
 51646 | Elf:3    | Killed a deep elf master archer
 51689 | Elf:3    | Reached skill level 13 in Fire Magic
 51806 | Elf:3    | Identified the +2 triple sword "Fooqud" {flame, *Slow rElec
                  | Str+4}
 51806 | Elf:3    | Identified the amulet "Kashrei" {RegenMP Contam rElec rF+
                  | SInv}
 51815 | Elf:3    | Reached XP level 19. HP: 147/147 MP: 28/37
 52578 | Elf:3    | Identified the +9 quarterstaff of Excruciating Pain {heavy,
                  | rN+ Stlth+}
 52915 | Elf:3    | Identified the +0 scale mail of Dishonour {rF+ rCorr}
 52926 | Elf:3    | Identified the +4 dagger of Hacking and Slashing {freeze,
                  | rF- rC++ Str+4 Int+2}
 52926 | Elf:3    | Identified the +1 chain mail of the Endless Expanse {Contam
                  | Str+4 Int+4}
 53222 | Elf:3    | Got the Elucidation of the Salvo
 53229 | Elf:3    | Got Werr's Anthology of Massed Nephomancy
 53238 | Elf:3    | Got the Grimoire of Transformed Creation
 53240 | Elf:3    | Identified the +6 hand axe "Weppiak" {flame, rF+ Dex+3}
 53699 | Vaults:1 | Entered Level 1 of the Vaults
 53755 | Vaults:1 | Found a magical portal.
 53773 | WizLab   | Entered Borgnjor's Mausoleum
 53807 | WizLab   | Reached skill level 1 in Throwing
 54228 | WizLab   | Reached skill level 10 in Armour
 54780 | WizLab   | Reached skill level 10 in Earth Magic
 55114 | Vaults:1 | Reached skill level 14 in Fire Magic
 55329 | Vaults:1 | Reached skill level 5 in Throwing
 56140 | Vaults:2 | Reached XP level 20. HP: 115/155 MP: 29/38
 57603 | Vaults:2 | Reached skill level 15 in Fire Magic
 58347 | Vaults:2 | Noticed Xtahua
 58363 | Vaults:2 | Killed Xtahua
 58364 | Vaults:2 | Reached skill level 15 in Fighting
 58664 | Vaults:3 | Found Wecoll's Jewellery Shoppe.
 58816 | Vaults:3 | Reached skill level 15 in Shields
 58891 | Vaults:3 | Reached skill level 15 in Armour
 59013 | Vaults:3 | Reached skill level 16 in Fire Magic
 59290 | Vaults:3 | Reached XP level 21. HP: 46/168 MP: 35/39
 59708 | Vaults:3 | Reached skill level 17 in Fire Magic
 60361 | Vaults:3 | Reached skill level 18 in Fire Magic
 60402 | Vaults:3 | Found a staircase to the Crypt.
 61420 | Vaults:4 | Found Cutz's Distillery.
 61429 | Vaults:4 | Bought a potion of heal wounds for 80 gold pieces
 62032 | Vaults:4 | Reached skill level 19 in Fire Magic
 63192 | Vaults:4 | Learned a level 8 spell: Ignition
 63549 | Depths:1 | Entered Level 1 of the Depths
 63700 | Depths:1 | Reached skill level 20 in Fire Magic
 63743 | Depths:1 | Found Eroara's Armour Shop.
 63743 | Depths:1 | Found Dumn's Distillery.
 63744 | Depths:1 | Found Zuoch's Book Shop.
 63760 | Depths:1 | Reached XP level 22. HP: 175/175 MP: 30/40
 63931 | Depths:1 | Found Jomneat's Antique Weapon Boutique.
 63947 | Depths:1 | Found a gateway to Hell.
 65007 | Depths:1 | Found a sparkling altar of Nemelex Xobeh.
 65661 | Depths:2 | Found a shadowy altar of Dithmenos.
 65887 | Depths:2 | Reached skill level 10 in Evocations
 66476 | Depths:2 | Found a one-way gate leading to the halls of Pandemonium.
 66616 | Depths:3 | Found a one-way gate to the infinite horrors of the Abyss.
 66726 | Depths:3 | Noticed Vv
 66901 | Depths:3 | Noticed a golden dragon
 67492 | Spider:1 | Entered Level 1 of the Spider Nest
 70777 | Elf:3    | Acquired 1026 gold pieces
 71324 | Spider:4 | Entered Level 4 of the Spider Nest
 71557 | Spider:4 | Reached XP level 23. HP: 184/184 MP: 29/41
 71575 | Spider:4 | Reached skill level 15 in Spellcasting
 71903 | Spider:4 | Got a gossamer rune of Zot
 71906 | Spider:4 | Noticed Arachne
 71919 | Spider:4 | Killed Arachne
 73006 | Lair:5   | Learned a level 7 spell: Spellforged Servitor
 73007 | Slime:1  | Entered Level 1 of the Pits of Slime
 73408 | Slime:2  | Reached skill level 1 in Summonings
 74859 | Slime:4  | Gained mutation: You sometimes lose your temper in combat.
                  | [a shining eye]
 75721 | Slime:4  | Reached skill level 10 in Stealth
 75724 | Slime:4  | Reached skill level 15 in Conjurations
 76071 | Slime:5  | Entered Level 5 of the Pits of Slime
 76155 | Slime:5  | Noticed the Royal Jelly
 76214 | Slime:5  | Gained mutation: You are vulnerable to cold. (rC-) [a
                  | shining eye]
 76214 | Slime:5  | Gained mutation: You have an uncontrollable temper. [a
                  | shining eye]
 76217 | Slime:5  | Reached skill level 5 in Summonings
 76282 | Slime:4  | Lost mutation: You have an uncontrollable temper. [potion
                  | of mutation]
 76282 | Slime:4  | Lost mutation: You are vulnerable to cold. (rC-) [potion of
                  | mutation]
 76284 | Slime:5  | Noticed Dissolution
 76291 | Slime:5  | Killed Dissolution
 76354 | Slime:5  | Reached XP level 24. HP: 152/195 MP: 30/42
 76659 | Slime:5  | Killed the Royal Jelly
 76876 | Slime:5  | Got a slimy rune of Zot
 76877 | Slime:5  | Identified the +2 pair of gloves "Bomoff" {Contam Dex+4}
 76896 | Slime:5  | Identified the +1 demon trident of Meosua {freeze, Fly
                  | rElec}
 76939 | Slime:5  | Identified the amulet "Xeenn" {Spirit rPois rF+ Slay+3
                  | Stlth+}
 76977 | Slime:5  | Identified the +9 lajatang of Qioth {spect, Dex+2}
 76995 | Slime:5  | Identified the +1 chain mail of Tayhimm {rF+ Str+5}
 76998 | Slime:5  | Identified the +1 arbalest "Fuyshrash" {elec, Contam rElec
                  | Will+}
 77003 | Slime:5  | Identified the +0 plate armour of the Illusory Heavens
                  | {rF+++ Will- Int+3 SInv}
 77011 | Slime:5  | Identified the amulet of Hoxuafoi {Spirit rC++ rCorr Dex+3
                  | Stlth-}
 77428 | Vaults:5 | Entered Level 5 of the Vaults
 77447 | Vaults:5 | Reached skill level 10 in Summonings
 77872 | Vaults:5 | Found the ring of Shadows {Umbra +Inv Stlth+}
 77976 | Vaults:5 | Identified the +8 war axe of Iweulil {pain, *Corrode rElec
                  | SInv}
 77994 | Vaults:5 | Noticed a dread lich
 77995 | Vaults:5 | Identified the amulet "Damimp" {rPois Regen+ Int+7}
 78003 | Vaults:5 | Killed a dread lich
 78309 | Vaults:5 | Got a silver rune of Zot
 78340 | Vaults:5 | Identified the +2 spear of Moral Flaws {flame, rF+ MP+9
                  | Dex+2}
 78614 | Vaults:5 | Found Pecouxir's Antique Weapon Boutique.
 78785 | Vaults:5 | Reached skill level 15 in Summonings
 80237 | Depths:2 | Reached XP level 25. HP: 152/201 MP: 12/42
 80359 | Depths:3 | Killed Vv
 80594 | Depths:3 | Found a one-way gateway to a ziggurat.
 82169 | Depths:3 | Identified the +8 spear of the Eternal Void {speed, rF-
                  | Will++ Dex-4 Stlth+}
 82174 | Depths:3 | Noticed Grunn
 82549 | Depths:3 | Killed Grunn
 83210 | Depths:3 | You fall into a shaft and drop 1 floor!
 83210 | Depths:4 | Entered Level 4 of the Depths
 84788 | Depths:4 | Found a gate to the Realm of Zot.
 84986 | Zot:1    | Entered Level 1 of the Realm of Zot
 85966 | Depths:1 | Bought a book of Unlife for 360 gold pieces
 85972 | Depths:1 | Learned a level 5 spell: Borgnjor's Vile Clutch
 86132 | Zot:1    | Reached skill level 1 in Necromancy
 86417 | Zot:1    | Reached skill level 5 in Necromancy
 87154 | Zot:1    | You fall into a shaft and drop 1 floor!
 88330 | Zot:2    | Reached skill level 10 in Necromancy
 88989 | Zot:3    | Noticed an orb of fire
 89018 | Zot:2    | Reached XP level 26. HP: 206/208 MP: 7/44
 90667 | Zot:3    | Gained mutation: Your magical capacity is low. (-10% MP)
                  | [an orb of fire]
 90739 | Zot:3    | Gained mutation: You occasionally shout uncontrollably at
                  | your foes. [an orb of fire]
 90740 | Zot:3    | Killed an orb of fire
 93125 | Zot:4    | Noticed Voulohy's ghost (veteran TrCK)
 93126 | Zot:4    | Found a transporter.
 93129 | Zot:4    | Noticed an ancient lich
 93427 | Zot:4    | Found a transporter.
 94302 | Zot:5    | Entered Level 5 of the Realm of Zot
 96568 | Zot:5    | Noticed a dread lich
 96574 | Zot:5    | Killed a dread lich
 96675 | Zot:5    | Noticed an orb of fire
 96679 | Zot:5    | Gained mutation: You frequently scream uncontrollably at
                  | your foes. [an orb of fire]
 96688 | Zot:5    | Killed an orb of fire
 96711 | Zot:5    | Reached XP level 27. HP: 178/218 MP: 15/40
 96955 | Zot:5    | Noticed an orb of fire
 96962 | Zot:5    | Killed an orb of fire
 97173 | Zot:5    | Noticed a dread lich
 97181 | Zot:5    | Killed a dread lich
 97458 | Zot:5    | Noticed an orb of fire
 97467 | Zot:5    | Killed an orb of fire
 97944 | Zot:5    | Noticed an orb of fire
 97947 | Zot:5    | Gained mutation: You are strong-willed. (Will+) [an orb of
                  | fire]
 97951 | Zot:5    | Killed an orb of fire
 98542 | Zot:5    | Noticed an orb of fire
 98543 | Zot:5    | Noticed a dread lich
 98773 | Zot:5    | Killed an orb of fire
 98819 | Zot:5    | Killed a dread lich
 99202 | Zot:5    | Noticed an orb of fire
 99209 | Zot:5    | Gained mutation: You are somewhat resistant to further
                  | mutation. [an orb of fire]
 99211 | Zot:5    | Killed an orb of fire
 99580 | Zot:5    | Got the Orb of Zot
 99778 | Depths:1 | Noticed a seraph
100063 | D:$      | Escaped with the Orb!

Illustrated notes

Levels and vault maps discovered:
D:1:      sevenhm_arrival_forest_fort_small_4, layout_loops_corners,
          grunt_decor_resistance
D:2:      layout_loops_ring, shapermc_ecumenical_altar_flowoftime,
          uniq_crazy_yiuf_cottage, uniq_natasha
D:3:      layout_basic, serial_shops, nicolae_shop_advertising_works
          [nicolae_subvault_shop_adworks]
D:4:      layout_loops_corners, nicolae_ru_awakened_eye,
          cheibrodos_sewer_entry_drain, chequers_avenue, minivault_24
D:5:      layout_basic, minmay_temple_entry_mist, serial_demonic,
          serial_demonic_d, serial_demonic_f, serial_demonic_g,
          serial_demonic_a, serial_demonic_e, serial_demonic_g,
          serial_demonic_c, serial_demonic_c, serial_demonic_f,
          serial_demonic_a, hex_intersection
D:6:      layout_rooms, kennysheep_mini_moat,
          gammafunk_temple_overflow_elements, corexii_mini_fake_secret_closet
D:7:      layout_cave_pods, grunt_livestock
D:8:      layout_basic, serial_shops, nicolae_shop_crystal,
          grunt_decor_one_mirror, chequers_serial_rivers_large_a, uniq_pikel,
          uniq_gastronok
D:9:      layout_gridville, kb_xom_exploding_sheep, nicolae_gozag_seed_capital,
          nicolae_overflow_crystal_walls, zombieorc2_lemuel
D:10:     kennysheep_windowed_halls, layout_basic
D:11:     hangedman_what_comes_after_a, layout_basic,
          grunt_lair_entry_orc_guard_hut, nicolae_trove_entry_isolated
D:12:     layout_irregular_city, okawaru_altar_gauntlet_db, uniq_fannar,
          uniq_sonja, uniq_azrael, uniq_snorg
D:13:     layout_layer_cave, hangedman_vaults_entry_quadrant_bands
D:14:     layout_gridville, nicolae_concentric_dashed_squares_mild,
          serial_bayou, serial_bayou_pond_d, serial_bayou_pond_d,
          serial_bayou_lagoon_a, serial_bayou_pond_d, serial_bayou_pond_e,
          serial_bayou_ford_a, chequers_serial_rivers_small_a,
          serial_bayou_crossing
D:15:     grunt_enter_depths_snipers, layout_basic,
          nicolae_qazlal_style_of_elements, serial_shops, nicolae_diamond_shop,
          uniq_nessos, uniq_roxanne
Temple:   nicolae_temple_panitentiary
Lair:1:   layout_misc_corridors, portal_ice_cave_entry_pillars_2, uniq_amaemon
Lair:2:   layout_gridlike, elwin_shoals_entry_stream,
          hellmonk_spider_entry_life_and_decay, serial_bayou_shore_b,
          grunt_megastairs_5, lemuel_fruit_tree, infiniplex_staircase_pool_2
Lair:3:   layout_concentric_octagons, eino_small_chamber_without_monster,
          uniq_josephine, uniq_rupert
Lair:4:   layout_regular_city, chequers_serial_rivers_small_a,
          nicolae_quartered_pool_little
Lair:5:   evilmike_catoblepas_cave, layout_hall_layers, slime_entry_1,
          dpeg_oklob_1, uniq_kirke
Shoals:1: layout_shoals, nicolae_shoals_undead_eyrie
Shoals:2: layout_shoals
Shoals:3: layout_shoals, uniq_bai_suzhen
Shoals:4: shoals_end_simple, layout_shoals, serial_shops, freezing_bzr, shop,
          shop, nicolae_shop_bloodbath_and_beyond, uniq_mlioglotl
Spider:1: layout_spider_delve, hive_lemuel
Spider:2: layout_spider_delve, nicolae_crawler_farm
Spider:3: layout_spider_delve
Spider:4: johnstein_spider_rune_arachne_lair
Slime:1:  layout_caves
Slime:2:  layout_caves
Slime:3:  layout_caves
Slime:4:  layout_caves
Slime:5:  uniq_dissolution
Orc:1:    layout_caves, ebering_ghost_rock_garden
Orc:2:    st_orc_mages, layout_caves, elf_legates
Elf:1:    eino_elf_arrival_sip, layout_gridlike, serial_shops, shop,
          minmay_elf_necromancy, grunt_megastairs_4, uniq_aizul
Elf:2:    nicolae_elf_blades_crystal_corner, layout_geoelf_octagon,
          serial_shops, shop
Elf:3:    minmay_elf_hall_statues, layout_geoelf_grid, serial_shops,
          nicolae_shop_statue_plus, uniq_saint_roka
Vaults:1: mu_enter_wizlab_4, grunt_vaults_diagonal,
          nicolae_vaults_little_squares_3, grunt_vaults_twisty,
          ontoclasm_vaults_misaligned, v_misc_26, nicolae_vaults_rhombus_5,
          vaults_room_door_ring, v_misc_29, nicolae_vaults_mini_display_case,
          layout_vaults_ring
Vaults:2: ontoclasm_vaults_idyll, nicolae_vaults_back_hallway, v_misc_23,
          ontoclasm_vaults_ligature, vaults_standard_mumra_x,
          ontoclasm_vaults_ring_square, ontoclasm_vaults_shuriken,
          nicolae_vaults_ring_of_whatevers, v_pattern_1, v_misc_2,
          vaults_mumra_hex, grunt_vaults_focal, layout_vaults_omnibox,
          uniq_xtahua
Vaults:3: minmay_crypt_entry_skeletal_spiral, vaults_mumra_minichess,
          nicolae_vaults_murderbox, vaults_mumra_minichess_inversion,
          vaults_dpeg_emergency_exit, vaults_dpeg_diagonal,
          layout_vaults_quadrants, serial_shops, nicolae_square_shop
Vaults:4: nicolae_vaults_network_quinsquares
          [nicolae_vaults_network_quincunx_subvault,
          nicolae_vaults_network_quincunx_subvault,
          nicolae_vaults_network_quincunx_subvault,
          nicolae_vaults_network_quincunx_subvault], ontoclasm_vaults_hangar,
          v_pattern_2, vaults_room_stairs_pillars,
          nicolae_vaults_network_periphery, vaults_room_hallway,
          nicolae_vaults_little_squares_6, layout_vaults_chaotic_city,
          serial_shops, shop
Vaults:5: serial_shops
Depths:1: minmay_ornate_pinched, layout_gridville, hell_entry,
          nemelex_xobeh_ov_fountains_minmay,
          wheals_unrand_guarded_autumn_katana, serial_bayou_shore_b,
          minmay_shoptagon
Depths:2: cheibrodos_salmonella, layout_cross, pan_entry, hell_entry,
          grunt_dithmenos_smoke, st_stairs_5, kennysheep_flooded_box,
          dk_noncrumbling_3, uniq_nikola
Depths:3: minmay_cut_squares, layout_cave_pools, enter_ziggurat_d,
          hangedman_decor_points, abyss_entry, pf_coc_iceberg,
          rand_demon_pan_entry_4, uniq_vv, uniq_grunn
Depths:4: evilmike_zot_entry_diamond, layout_gridville, grunt_mini_vestibule
Zot:1:    layout_cathedral_of_symmetry, st_stairs_8
Zot:2:    layout_twisted_circle
Zot:3:    layout_gridlike, st_small_dragon_hoard_3, hangedman_zot_decor_tridents
Zot:4:    layout_cathedral_of_symmetry, nzn_ghost_randoct
Zot:5:    layout_cathedral_of_symmetry

Skill      XL: |  1  2  3  4  5  6  7  8  9 10 11 12 13 14 15 16 17 18 19 20 21 22 23 24 25 26 27 |
---------------+----------------------------------------------------------------------------------+-----
Conjurations   | 1 2 3 4 5 7 8 10 12 14 15 16 17 | 17.5
Fire Magic     | 3 4 5 6 7 9 10 12 13 14 16 20 | 20.0
Earth Magic    | 3 4 5 8 10 12 13 14 | 14.8
Stealth        | 2 3 4 6 7 8 10 | 10.0
Fighting       | 2 3 4 6 7 9 10 11 12 13 15 16 17 18 | 18.8
Spellcasting   | 3 4 5 6 7 8 9 11 13 14 15 17 | 17.4
Dodging        | 4 6 7 8 9 10 11 12 13 14 | 14.2
Armour         | 1 5 7 9 11 15 17 18 19 | 19.3
Evocations     | 5 6 8 9 10 12 13 14 | 14.2
Air Magic      | 3 6 8 9 |  9.0
Poison Magic   | 3 6 7 8 9 10 | 10.0
Transmutations | 3 5 |  5.0
Shields        | 3 8 11 13 15 16 | 16.1
Throwing       | 6 |  6.0
Summonings     | 6 15 | 15.0
Necromancy     | 10 11 | 11.0

Action                     |  1- 3 |  4- 6 |  7- 9 | 10-12 | 13-15 | 16-18 | 19-21 | 22-24 | 25-27 || total
---------------------------+-------+-------+-------+-------+-------+-------+-------+-------+-------++-------
  Melee: Club              |    13 |       |       |       |       |       |       |       |       ||    13
         Spear             |    23 |    41 |       |       |       |       |       |     3 |    16 ||    83
         Punch             |       |     1 |       |     1 |     1 |       |       |       |       ||     3
         Staff             |       |     5 |     3 |    29 |    38 |     6 |    21 |    57 |    45 ||   204
         Short sword       |       |       |    11 |    20 |       |       |       |       |       ||    31
         Halberd           |       |       |       |       |    13 |       |       |       |       ||    13
         Rapier            |       |       |       |       |     8 |       |       |       |       ||     8
   Fire: Hand crossbow     |       |       |       |     8 |    48 |       |       |     2 |       ||    58
  Throw: Dart              |       |       |       |     4 |       |       |       |       |       ||     4
         Throwing net      |       |       |       |       |       |       |       |       |     2 ||     2
   Cast: Foxfire           |    24 |   142 |   308 |   438 |   110 |       |       |       |       ||  1022
         Stone Arrow       |       |       |    10 |    46 |    31 |    15 |       |       |       ||   102
         Sandblast         |       |       |     5 |     3 |       |       |       |       |       ||     8
         Flame Wave        |       |       |     5 |    34 |    21 |    18 |    50 |     2 |       ||   130
         Poisonous Vapours |       |       |       |    74 |   478 |   445 |   530 |   313 |    46 ||  1886
         Ignite Poison     |       |       |       |    29 |   214 |   221 |   261 |   192 |    27 ||   944
         Fireball          |       |       |       |       |    30 |    85 |   179 |   131 |     7 ||   432
         Swiftness         |       |       |       |       |     2 |       |       |       |     1 ||     3
         Lightning Bolt    |       |       |       |       |     1 |     3 |    17 |    30 |       ||    51
         Iron Shot         |       |       |       |       |       |    28 |    14 |   137 |   240 ||   419
         Irradiate         |       |       |       |       |       |     3 |    10 |     5 |       ||    18
         Airstrike         |       |       |       |       |       |    14 |       |    11 |    96 ||   121
         Ignition          |       |       |       |       |       |       |       |   113 |    48 ||   161
         Spellforged Servi |       |       |       |       |       |       |       |    11 |   138 ||   149
         Borgnjor's Vile C |       |       |       |       |       |       |       |       |   106 ||   106
Ability: Hop               |       |       |     3 |    11 |     7 |     4 |    15 |     7 |     7 ||    54
  Evoke: Wand              |       |       |       |     6 |     3 |     2 |     2 |    14 |     8 ||    35
         Condenser vane    |       |       |       |       |       |       |     3 |     4 |     2 ||     9
         Phantom mirror    |       |       |       |       |       |       |     2 |     3 |       ||     5
         Box of beasts     |       |       |       |       |       |       |     2 |     3 |     3 ||     8
         Lightning rod     |       |       |       |       |       |       |       |     2 |       ||     2
         Phial of floods   |       |       |       |       |       |       |       |     1 |       ||     1
    Use: Potion            |     1 |       |       |       |     2 |       |     3 |     7 |     3 ||    16
         Scroll            |       |       |       |    24 |     8 |     3 |     2 |     7 |     3 ||    47
   Stab: Sleeping          |       |     2 |       |       |       |       |       |       |       ||     2
         Paralysed         |       |       |       |    10 |       |       |       |     4 |       ||    14
         Petrified         |       |       |       |       |     8 |       |       |       |       ||     8
         Distracted        |       |       |       |       |       |       |       |     1 |     4 ||     5
 Armour: Robe              |     4 |    14 |    20 |     8 |       |    19 |     5 |       |       ||    70
         Acid dragon scale |       |       |       |    51 |       |       |       |       |       ||    51
         Ring mail         |       |       |       |    80 |   149 |    56 |   104 |   142 |    60 ||   591
  Dodge: Dodged            |    33 |    43 |    63 |   182 |   164 |   116 |   186 |   178 |    99 ||  1064
  Block: Kite shield       |       |       |       |       |    17 |   130 |   226 |   207 |       ||   580
         Tower shield      |       |       |       |       |       |       |       |    10 |   176 ||   186

Table legend: (Time is in decaauts)
 A = Elapsed time spent in this place.
 B = Non-inter-level travel time spent in this place.
 C = Inter-level travel time spent in this place.
 D = Time resting spent in this place.
 E = Time spent auto-exploring this place.
 F = Levels seen in this place.
 G = Mean time per level.
                   A        B        C        D        E       F      G
               +--------+--------+--------+--------+--------+-----+--------+
         Total | 108842 |  98833 |  10009 |  39282 |  43268 |  56 | 1943.6 |
       Dungeon |  28821 |  25900 |   2921 |   8682 |  12936 |  15 | 1921.4 |
        Temple |    171 |    116 |     55 |      0 |    103 |   1 |  171.0 |
          Lair |  10851 |   9168 |   1683 |   3548 |   4110 |   5 | 2170.2 |
        Shoals |   6603 |   6201 |    402 |   1808 |   3350 |   4 | 1650.8 |
   Spider Nest |   5432 |   5042 |    390 |   1055 |   3242 |   4 | 1358.0 |
    Slime Pits |   3580 |   3381 |    199 |   1357 |   1198 |   5 |  716.0 |
  Orcish Mines |   5280 |   4465 |    815 |   2000 |   1785 |   2 | 2640.0 |
   Elven Halls |   8078 |   7050 |   1028 |   3571 |   2421 |   3 | 2692.7 |
        Vaults |  12012 |  11019 |    993 |   2917 |   6137 |   5 | 2402.4 |
        Depths |   9656 |   8705 |    951 |   4704 |   2582 |   4 | 2414.0 |
           Zot |  14905 |  14338 |    567 |   7846 |   4594 |   5 | 2981.0 |
         Sewer |    415 |    415 |      0 |    189 |    125 |   1 |  415.0 |
      Ice Cave |   1877 |   1877 |      0 |   1152 |    449 |   1 | 1877.0 |
        Wizlab |   1154 |   1154 |      0 |    448 |    231 |   1 | 1154.0 |
               +--------+--------+--------+--------+--------+-----+--------+

Top non-repeatable levels by time:
   Zot:5: 5257 daAuts
   Elf:3: 4012 daAuts
     D:9: 3461 daAuts
    D:11: 3208 daAuts
   Orc:2: 3207 daAuts
Vaults:3: 3141 daAuts
  Lair:5: 3140 daAuts
   Zot:3: 3068 daAuts
Depths:3: 2893 daAuts
   Zot:4: 2707 daAuts
Vaults:4: 2686 daAuts
Depths:1: 2667 daAuts
Depths:4: 2589 daAuts
     D:7: 2457 daAuts
   Elf:1: 2404 daAuts
